 Dungeon Sprint DCSS version 0.22-a0-274-gf8199ec (webtiles) character file.

160 Kidiri the Skirmisher (level 5, -2/66 HPs)
             Began as a Demonspawn Monk on Mar 13, 2018.
             Was an Elder of Wu Jian.
             Killed by divine providence
             ... invoked by an orc priest
              (12 damage)
             ... in the Dungeon (Sprint VII: "The Pits").
             The game lasted 00:01:58 (250 turns).

Kidiri the Skirmisher (Demonspawn Monk)              Turns: 250, Time: 00:01:59

Health: -2/66      AC:  2    Str: 16    XL:     5   Next: 17%
Magic:  5/5        EV: 17    Int: 11    God:    Wu Jian [****..]
Gold:   0          SH:  0    Dex: 17    Spells: 4/4 levels left

rFire    . . .     SeeInvis .   a - +2 falchion
rCold    . . .     Gourm    .   (no shield)
rNeg     . . .     Faith    .   b - +0 robe
rPois    .         Spirit   .   (no helmet)
rElec    .         Reflect  .   (no cloak)
rCorr    .         Harm     .   (no gloves)
MR       .....     NoTele   +   (no boots)
Stlth    ..........             (no amulet)
HPRegen  0.21/turn              (no ring)
MPRegen  0.09/turn              (no ring)

@: berserking (expiring), very quick
A: talons 1, repulsion field 1
a: Wall Jump, Serpent's Lash, Renounce Religion


You were in the Dungeon.
You worshipped Wu Jian.
Wu Jian was greatly pleased with you.
You were not hungry.

You visited 1 branch

Inventory:

Hand Weapons
 a - a +2 falchion (weapon)
Missiles
 n - 10 stones (quivered)
Armour
 b - a +0 robe (worn)
Scrolls
 i - a scroll of blinking
 k - 3 scrolls of remove curse
 l - 5 scrolls of amnesia
 m - a scroll of summoning
Potions
 d - a potion of curing
 f - a potion of haste
 g - 4 potions of magic
 h - 2 potions of berserk rage
 j - 2 potions of invisibility
Comestibles
 c - 9 rations
 o - a chunk of flesh


   Skills:
 * Level 5.5 Fighting
 * Level 5.0 Long Blades
 + Level 2.7 Throwing
 + Level 2.7 Armour
 * Level 5.0 Dodging
 * Level 4.9 Stealth


You had 4 spell levels left.
You didn't know any spells.

Dungeon Overview and Level Annotations

Branches:
Dungeon (1/1)

Altars:
Ashenzari
Cheibriados
Dithmenos
Elyvilon
Fedhas
Gozag
Hepliaklqana
Kikubaaqudgha
Makhleb
Nemelex Xobeh
Okawaru
Qazlal
Ru
Sif Muna
Trog
Uskayaw
Vehumet
Wu Jian
Xom
Yredelemnul
Zin
The Shining One
Beogh
Jiyva
Lugonu

Annotations:
D exclusions: 6 doors and 6 more exclusions


Innate Abilities, Weirdness & Mutations

You have sharp toenails.
You are surrounded by a mild repulsion field. (EV +2)


Message History

You have reached level 5!
You spin and attack the jackal.
You slash the jackal!
You kill the jackal!
The Council accepts your kill.
Unknown command.
You spin and attack the jackal.
You slash the jackal!
You kill the jackal!
The Council accepts your kill.
Unknown command.
You lunge at the leopard gecko.
You miss the leopard gecko. The leopard gecko bites you.
* * * LOW HITPOINT WARNING * * *
There is an open door here.
Items here: ) [ ††† a mace; a leather armour; a jackal corpse x2; an orc corpse Unknown command.
You feel less exhausted.
The orc priest invokes the aid of Beogh against you.
Beogh smites you!
You die...

############
#_________.#
#_________.#
#_______...###########++
##########+##...........
#.?|.+)))+.##......#..#.
##########.##...........
#......@....'...........
#+#####)#####......#..#.
#..#ol#..##...........
#.['.o'..#####+#####++
##'####+###.......#
#..†lo...##.......#
#...oh...##.......#
#####+#####...<...#
#.......#


You could see 2 orc priests and a leopard gecko.

Vanquished Creatures
  A floating eye (D)
  An orc priest (D)
  A river rat (D)
  2 oozes (D)
  An adder skeleton (D)
  2 leopard geckos (D)
  An orc (D)
  3 jackals (D)
12 creatures vanquished.

Notes
Turn   | Place    | Note
-------+----------+-------------------------------------------
     0 | D        | Kidiri the Demonspawn Monk began the quest for the Orb.
     0 | D        | Reached XP level 1. HP: 18/18 MP: 1/1
    65 | D        | Found a bloodstained altar of Trog.
    65 | D        | Found a deep blue altar of Sif Muna.
    65 | D        | Found a viscous altar of Jiyva.
    65 | D        | Found a hazy altar of Hepliaklqana.
    65 | D        | Found an opulent altar of Gozag.
    66 | D        | Found a glowing golden altar of the Shining One.
    66 | D        | Found a glowing silver altar of Zin.
    66 | D        | Found a basalt altar of Yredelemnul.
    66 | D        | Found a shimmering altar of Xom.
    66 | D        | Found an ornate altar of the Wu Jian Council.
    66 | D        | Found a sacrificial altar of Ru.
    66 | D        | Found a stormy altar of Qazlal.
    66 | D        | Found an iron altar of Okawaru.
    66 | D        | Found a sparkling altar of Nemelex Xobeh.
    66 | D        | Found a burning altar of Makhleb.
    66 | D        | Found a blossoming altar of Fedhas.
    66 | D        | Found a white marble altar of Elyvilon.
    66 | D        | Found a shadowy altar of Dithmenos.
    66 | D        | Found a snail-covered altar of Cheibriados.
    68 | D        | Found a radiant altar of Vehumet.
    68 | D        | Found a corrupted altar of Lugonu.
    68 | D        | Found a roughly hewn altar of Beogh.
    69 | D        | Found a hide-covered altar of Uskayaw.
    69 | D        | Found an ancient bone altar of Kikubaaqudgha.
    69 | D        | Found a shattered altar of Ashenzari.
    75 | D        | Became a worshipper of the Wu Jian Council
    75 | D        | Reached * piety under Wu Jian
    75 | D        | Reached ** piety under Wu Jian
   101 | D        | Gained mutation: You are surrounded by a mild repulsion field. (EV +2) [demonic ancestry]
   101 | D        | Reached XP level 2. HP: 20/24 MP: 2/2
   104 | D        | Reached skill level 1 in Throwing
   104 | D        | Reached skill level 1 in Armour
   177 | D        | Noticed a floating eye
   181 | D        | Paralysed by a floating eye for 3 turns
   191 | D        | Paralysed by a floating eye for 2 turns
   194 | D        | Killed a floating eye
   194 | D        | Reached *** piety under Wu Jian
   194 | D        | Reached skill level 5 in Fighting
   194 | D        | Reached XP level 3. HP: 29/33 MP: 3/3
   194 | D        | Gained mutation: You have sharp toenails. [demonic ancestry]
   194 | D        | Reached XP level 4. HP: 34/39 MP: 4/4
   246 | D        | Reached **** piety under Wu Jian
   246 | D        | Reached skill level 5 in Long Blades
   246 | D        | Reached skill level 5 in Dodging
   246 | D        | Reached XP level 5. HP: 12/44 MP: 5/5
   250 | D        | Killed from afar by an orc priest

Vault maps used:
D:        pitsprint

Skill      XL: |  1  2  3  4 |
---------------+-------------+-----
Stealth        | 2 4 |  4.9
Long Blades    | 3 4 5 |  5.0
Dodging        | 3 4 5 |  5.0
Throwing       | 2 |  2.7
Armour         | 2 |  2.7
Fighting       | 5 |  5.5

Action                   |  1- 3 |  4- 6 || total
-------------------------+-------+-------++-------
Melee: Falchion          |    22 |    18 ||    40
       Kick              |       |     4 ||     4
Invok: Whirlwind         |    18 |    13 ||    31
       Lunge             |     2 |     2 ||     4
       Serpent's Lash    |       |     1 ||     1
       Wall Jump         |       |     1 ||     1
  Use: Potion            |       |     2 ||     2
 Stab: Sleeping          |     2 |     1 ||     3
Armor: Robe              |     2 |       ||     2
Dodge: Dodged            |     7 |    10 ||    17
       Rpst.: Falchion   |     3 |     6 ||     9

Table legend:
 A = Spawn XP
 B = Non-spawn XP
 C = Spawn XP percentage of total XP
 D = Spawn monster count
 E = Non-spawn monster count
 F = Spawn count percentage of total count
 G = Total turns spent on level
                    A         B        C        D         E        F      G
               +---------+---------+-------+---------+---------+-------+---------
         Total |       0 |     229 |   0.0 |       0 |      12 |   0.0 |   250
               +---------+---------+-------+---------+---------+-------+---------
             D |       0 |     229 |   0.0 |       0 |      12 |   0.0 |   250
               +---------+---------+-------+---------+---------+-------+---------
